Map: Tourmaline LE

Players

flashandfoul

  • Race: Zerg Zerg
  • League: Master
  • Spawn Location: 1:00

A.I. 1 (Very Easy) - Winner!

  • Race: Protoss Protoss
  • Spawn Location: 7:00

VOD

https://www.patreon.com/posts/zvt-elazer-build-120969629

Description

Time

  • Played on: March 21, 2026, 1:36 p.m.
  • Length: 9:21
Show
View Real Time Build Order
Export as new Build Order

flashandfoul Zerg 

Build Orders: Hatch First 

Get SALT Encoding   

  6  0:00  Drone  
  13  0:07  Drone  
  14  0:14  Extractor  
  14  0:15  Drone  
  15  0:35  Hatchery  
  14  0:40  Extractor, Drone  
  15  0:46  Overlord  
  15  1:02  Spawning Pool  
  14  1:04  Drone  
  14  1:08  Drone  
  16  1:12  Drone  
  16  1:17  Drone  
  18  1:28  Drone  
  19  1:37  Drone  
  20  1:48  Queen x2  
  20  1:49  Zergling x2  
  20  1:52  Drone  
  26  1:58  Drone  
  26  2:00  Overlord  
  27  2:09  Drone  
  28  2:18  Hatchery  
  28  2:21  Drone  
  28  2:24  Drone  
  28  2:26  Drone  
  30  2:30  Drone  
  30  2:35  Queen  
  33  2:40  Overlord  
  33  2:42  Drone  
  34  2:44  Extractor  
  34  2:46  Drone  
  34  2:55  Drone  
  35  2:58  Drone x2  
  35  2:59  Drone  
  35  3:02  Drone x2  
  35  3:03  Drone  
  41  3:07  Roach Warren  
  41  3:08  Drone  
  41  3:10  Drone  
  42  3:14  Drone  
  42  3:16  Extractor  
  42  3:19  Queen  
  44  3:23  Overlord  
  44  3:27  Overlord  
  44  3:34  Drone x2  
  46  3:38  Evolution Chamber  
  46  3:39  Evolution Chamber  
  44  3:41  Drone x2  
  44  3:42  Drone  
  44  3:43  Drone  
  44  3:48  Roach x2  
  52  3:56  Roach  
  52  3:57  Roach  
  56  4:04  Drone x6  
  56  4:07  Drone  
  56  4:09  Overlord  
  63  4:13  Overlord  
  63  4:15  Drone  
  64  4:18  Drone x2  
  66  4:24  Overlord  
  66  4:33  Lair  
  66  4:34  Extractor  
  65  4:39  Extractor, Zerg Ground Armor Level 1  
  65  4:40  Overlord  
  65  4:42  Spore Crawler  
  65  4:43  Spore Crawler  
  65  4:45  Spore Crawler  
  61  4:47  Drone x2  
  61  4:48  Drone  
  61  4:50  Drone x2  
  66  4:55  Drone  
  66  4:56  Drone x3  
  66  4:58  Drone  
  66  4:59  Drone x2  
  73  5:00  Drone  
  73  5:03  Drone x2  
  73  5:05  Drone  
  73  5:06  Drone  
  78  5:07  Drone  
  78  5:08  Drone  
  78  5:11  Drone  
  78  5:12  Drone  
  82  5:16  Drone  
  82  5:18  Drone x2  
  82  5:20  Drone  
  82  5:21  Extractor x2  
  85  5:25  Zerg Missile Weapons Level 1  
  84  5:30  Overlord  
  84  5:32  Glial Reconstitution  
  84  5:34  Hatchery  
  84  5:35  Overlord  
  83  5:37  Overlord  
  83  5:39  Overlord  
  83  5:41  Drone x2  
  85  5:50  Infestation Pit  
  85  5:51  Roach x3  
  85  5:52  Baneling Nest  
  89  5:58  Roach x4  
  89  6:01  Roach  
  99  6:08  Roach x4  
  107  6:14  Ravager x3  
  107  6:16  Overlord x3  
  110  6:18  Overlord  
  110  6:20  Drone x2  
  110  6:21  Drone  
  110  6:23  Drone  
  110  6:24  Drone  
  110  6:25  Drone x2  
  116  6:31  Hive  
  117  6:34  Drone  
  117  6:35  Drone x3  
  117  6:36  Metabolic Boost  
  117  6:39  Centrifugal Hooks  
  121  6:43  Zerg Ground Armor Level 2  
  121  6:47  Extractor  
  121  6:48  Queen  
  121  6:49  Drone  
  121  6:50  Drone  
  121  6:52  Drone x2  
  121  6:54  Drone x2  
  127  6:56  Drone x2  
  127  6:58  Drone  
  131  7:01  Spire  
  131  7:05  Drone  
  131  7:09  Zergling x4  
  131  7:10  Hatchery  
  131  7:11  Drone  
  131  7:12  Zergling x4  
  135  7:18  Drone  
  135  7:22  Zergling x8  
  140  7:23  Overlord  
  140  7:26  Overlord  
  140  7:27  Overlord  
  140  7:28  Zergling x2  
  140  7:29  Zergling x2  
  142  7:37  Overseer  
  142  7:39  Pneumatized Carapace  
  142  7:40  Overlord x2, Hatchery  
  142  7:42  Zergling x14  
  148  7:45  Viper x2  
  148  7:46  Viper  
  157  7:54  Baneling x8, Ultralisk Cavern  
  157  7:56  Baneling  
  157  7:57  Baneling  
  156  8:12  Drone x2  
  158  8:17  Extractor  
  158  8:18  Drone x3, Spore Crawler  
  158  8:19  Spine Crawler, Zergling x26  
  172  8:20  Zergling x2  
  172  8:27  Zergling x6  
  172  8:28  Queen  
  177  8:37  Zergling x2  
  177  8:38  Zergling x8  
  177  8:40  Baneling x4  
  182  8:41  Baneling  
  182  8:42  Baneling  
  182  8:49  Zergling x18  
  191  8:59  Baneling x10  
  191  9:00  Zergling x6  
  200  9:04  Spore Crawler  
  200  9:05  Drone  
  200  9:06  Spine Crawler  
Show
View Real Time Build Order
Export as new Build Order

A.I. 1 (Very Easy) Protoss - Winner!

Build Orders:  

Get SALT Encoding   

  6  0:00  Probe  
  13  0:13  Probe  
  14  0:19  Pylon  
  14  0:36  Assimilator  
  14  0:42  Gateway  
  14  0:46  Pylon  
  14  1:13  Assimilator  
  14  1:17  Probe  
  14  1:25  Probe  
  16  1:33  Probe, Cybernetics Core  
  17  1:43  Probe  
  18  1:55  Probe  
  18  1:59  Warp Gate  
  19  2:03  Probe  
  19  2:07  Stalker  
  22  5:30  Zealot  
  22  5:32  Probe  
  22  5:34  Pylon  
  25  5:36  Robotics Facility  
  25  5:40  Probe  
  25  5:48  Probe  
  26  5:58  Probe  
  25  6:10  Probe  
  26  6:14  Pylon  
  26  6:18  Probe  
  27  6:25  Observer  
  27  6:26  Probe  
  27  6:27  Zealot  
  31  6:43  Observer  
  32  7:01  Nexus  
  32  7:24  Stalker  
  34  8:12  Probe  
  35  8:21  Probe  
  35  8:23  Assimilator  
  35  8:24  Probe  
  36  8:27  Assimilator  
  37  8:35  Probe  
  37  8:40  Probe  
  39  8:50  Probe  
  40  8:57  Probe  
  41  9:04  Probe  
  41  9:09  Probe  
Tags
 
League
Master
Matchup
PvZ
Spawn Locations
Cross Positions
Add a new tag
Caveats
  • Supply blocks, unpowered buildings, or Contaminate may cause inaccurate times.
  • Supply counts are checked every 10 seconds.